 Dungeon Crawl Stone Soup version 0.28-a0-723-g095bd1b44f (webtiles) character file.

Game seed: 16580850744673559846

10460 ytrimaz the Reanimator (level 11, -2/88 (94) HPs)
             Began as a Demonspawn Necromancer on Oct 25, 2021.
             Was a Priest of Makhleb.
             Slain by a wight (13 damage)
             ... on level 10 of the Dungeon.
             The game lasted 00:28:29 (15237 turns).

ytrimaz the Reanimator (Demonspawn Necromancer)    Turns: 15237, Time: 00:28:30

HP:   -2/88 (94)    AC: 12    Str:  9    XL:     11   Next: 36%
MP:   25/25         EV: 11    Int: 19    God:    Makhleb [***...]
Gold: 473           SH:  0    Dex: 14    Spells: 22/31 levels left

rFire   . . .      SeeInvis +   n - +1 dagger (venom)
rCold   . . .      Faith    .   (no shield)
rNeg    . . .      Spirit   .   j - +0 leather armour
rPois   .          Reflect  .   k - +0 helmet
rElec   .          Harm     .   e - +2 cloak
rCorr   .          Rampage  .   (no gloves)
Will    .....                   g - +1 pair of boots
Stlth   ++........              m - amulet of regeneration
HPRegen 1.24/turn               (no ring)
MPRegen 0.19/turn               (no ring)

@: drained
A: claws 1, thin metallic scales 2, powered by death 2, see invisible, robust 1
a: Renounce Religion, Minor Destruction, Lesser Servant of Makhleb


You were on level 10 of the Dungeon.
You worshipped Makhleb.
Makhleb was most pleased with you.
You visited 2 branches of the dungeon, and saw 11 of its levels.
You also visited: Sewer.

You collected 473 gold pieces.

Inventory:

Hand Weapons
 f - a +3 dagger of draining
 n - a +1 dagger of venom (weapon)
Missiles
 u - 4 throwing nets
Armour
 e - a +2 cloak (worn)
 g - a +1 pair of boots (worn)
 j - a +0 leather armour (worn)
 k - a +0 helmet (worn)
Jewellery
 d - an amulet of the acrobat
 m - an amulet of regeneration (around neck)
 x - a +6 ring of intelligence
Wands
 p - a wand of charming (13)
 r - a wand of mindburst (18)
 v - a wand of iceblast (9)
Scrolls
 b - 2 scrolls of fog
 c - 2 scrolls of amnesia
 h - 4 scrolls of teleportation
 o - 2 scrolls of identify
 q - a scroll of blinking
Potions
 a - 2 potions of attraction
 i - a potion of lignification
 l - 3 potions of flight
 t - a potion of curing
 w - a potion of ambrosia
 z - a potion of brilliance
 A - a potion of might {unknown}
 B - a potion of cancellation {unknown}


   Skills:
 * Level 7.9 Fighting
 - Level 0.3 Short Blades
 - Level 1.7 Dodging
 - Level 1.7 Stealth
 + Level 10.5 Spellcasting
 + Level 12.7 Necromancy
 * Level 4.8 Invocations
 - Level 0.6 Evocations


You had 22 spell levels left.
You knew the following spells:

 Your Spells              Type           Power      Damage    Failure   Level
a - Pain                  Necr           100%       1d9       1%          1
b - Vampiric Draining     Necr           27%        2d9       1%          3
c - Agony                 Necr           55%        N/A       1%          5

Your spell library contained the following spells:

 Spells                   Type           Power      Damage    Failure   Level
 Animate Skeleton         Necr           100%       N/A       1%          1
 Animate Dead             Necr           27%        N/A       1%          4
 Sandblast                Erth           20%        2d7       10%         1
 Passwall                 Tmut/Erth      8%         N/A       16%         2
 Borgnjor's Vile Clutch   Necr/Erth      17%        N/A       21%         5
 Stone Arrow              Conj/Erth      20%        3d8       30%         3
 Alistair's Intoxication  Tmut/Pois      6%         N/A       95%         5
 Dispersal                Tloc           5%         N/A       100%        6
 Eringya's Noxious Bog    Tmut/Pois      5%         N/A       100%        6
 Malign Gateway           Summ/Tloc      5%         N/A       100%        7
 Disjunction              Tloc           5%         N/A       100%        8
 Summon Horrible Things   Summ           5%         N/A       100%        8


Dungeon Overview and Level Annotations

Branches:
Dungeon (10/15)            Temple (1/1) D:4            Lair (0/6) D:8
  Sewer (visited)
    Orc: D:9-12

Altars:
Ashenzari
Cheibriados
Dithmenos
Elyvilon
Fedhas
Gozag
Hepliaklqana
Kikubaaqudgha
Makhleb
Nemelex Xobeh
Okawaru
Qazlal
Ru
Sif Muna
Trog
Uskayaw
Vehumet
Wu Jian
Xom
Yredelemnul
Zin
The Shining One

Shops:
D:4 (


Innate Abilities, Weirdness & Mutations

You have sharp fingernails.
You are mostly covered in thin metallic scales. (AC +3)
You regenerate health from kills.
You have supernaturally acute eyesight. (SInv)
You are robust. (+10% HP)


Message History

A wight comes into view. It is wielding a +4 great sword.
Things that are here:
a +2 battleaxe; a +0 robe You hit the wight but do no damage.
Your neqoxec hits the wight but does no damage.
The wight hits you with a +4 great sword!
A wight comes into view. It is wielding a +2 battleaxe.
You completely miss the wight.
Your neqoxec barely misses the wight.
The wight hits you with a +4 great sword.
The wight barely misses your neqoxec.
You hit the wight.
The wight is lightly damaged.
Your neqoxec hits the wight.
The wight hits your neqoxec with a +4 great sword! x2
You hit the wight.
The wight is moderately damaged.
Your neqoxec hits the wight.
The wight hits your neqoxec with a +4 great sword! x2
Your neqoxec dies!
Your neqoxec disappears in a puff of smoke!
You barely miss the wight.
The wight is moderately damaged.
The wight hits you with a +4 great sword!
You hit the wight but do no damage.
The wight is moderately damaged.
The wight barely misses you.
The wight hits you with a +4 great sword.
Unknown command.
A demon appears!
The wight hits you with a +4 great sword! x2
You feel drained.
* * * LOW HITPOINT WARNING * * *
Unknown command.
A demon appears!
The wight hits you with a +4 great sword.
* * * LOW HITPOINT WARNING * * *
You feel drained.
* * * LOW HITPOINT WARNING * * *
The wight hits you with a +4 great sword!
You die...

#.##.#.#.#.#
#.##.#.#.#.#
#.##.#.#.#.#
#.######.#.#
#........#.#############
#.###.#..#.##...........
#(# #z#..#.##.##########
#.#.###.####.##.#
#.......#@zz....#
#######.#z####### #.34#
#####


You could see 3 wights, a friendly hellwing (summoned) and a friendly neqoxec
(summoned).

Vanquished Creatures
  Gastronok (D:9)
  Joseph (D:7)
  Psyche (D:8)
  3 kobold demonologists (D:9)
  3 trolls
  A merfolk (D:9)
  Grinder (D:4)
  Prince Ribbit (D:5)
  14 yaks
  A steam dragon (D:7)
  Grum (D:9)
  A water moccasin (D:8)
  A black bear (D:3)
  An ice beast (D:6)
  4 sky beasts
  2 ogres
  2 centaurs
  9 wolves
  2 phantoms
  7 kobold brigands
  4 bullfrogs
  2 gnoll sergeants (D:8)
  3 scorpions
  10 killer bees
  4 wights
  2 electric eels (D:8)
  Crazy Yiuf (D:6)
  A centaur zombie (D:8)
  4 hounds
  5 orc priests
  A jelly (D:6)
  2 bullfrog skeletons
  8 orc wizards
  A killer bee zombie (D:8)
  A hound skeleton (D:5)
  A howler monkey zombie (D:9)
  11 gnolls
  A river rat (Sewer)
  5 adders
  A shadow imp (D:6)
  A white imp (D:8)
  An ufetubus (D:6)
  2 adder skeletons (D:4)
  3 worms
  3 dart slugs
  39 orcs
  6 ball pythons
  3 endoplasms
  6 giant cockroaches
  8 goblins
  8 hobgoblins
  A jackal (Sewer)
  8 quokkas
  3 bats
  5 frilled lizards
  34 kobolds
  9 rats
265 creatures vanquished.

Vanquished Creatures (collateral kills)
  A wight (D:8)
  A kobold (D:7)
2 creatures vanquished.

Vanquished Creatures (others)
  An orc wizard (D:7)
  11 plants (D:5)
12 creatures vanquished.

Grand Total: 279 creatures vanquished

Notes
Turn   | Place    | Note
-------+----------+-------------------------------------------
     0 | D:1      | ytrimaz the Demonspawn Necromancer began the quest for the
                  | Orb.
     0 | D:1      | Reached XP level 1. HP: 13/13 MP: 3/3
    60 | D:1      | Found a faded altar of an unknown god.
  1098 | D:1      | Gained mutation: You are partially covered in thin metallic
                  | scales. (AC +2) [demonic ancestry]
  1098 | D:1      | Reached XP level 2. HP: 17/19 MP: 1/5
  1326 | D:1      | Reached skill level 5 in Necromancy
  1415 | D:1      | You fall into a shaft and drop 1 floor!
  1682 | D:2      | Reached XP level 3. HP: 6/24 MP: 1/6
  1683 | D:2      | Gained mutation: You have supernaturally acute eyesight.
                  | (SInv) [potion of mutation]
  1683 | D:2      | Gained mutation: You are robust. (+10% HP) [potion of
                  | mutation]
  1812 | D:2      | Learned a level 3 spell: Vampiric Draining
  2350 | D:2      | Gained mutation: You regenerate a little health from kills.
                  | [demonic ancestry]
  2350 | D:2      | Reached XP level 4. HP: 28/33 MP: 3/8
  3346 | D:3      | Reached skill level 1 in Fighting
  3346 | D:3      | Reached skill level 6 in Necromancy
  3346 | D:3      | Reached XP level 5. HP: 39/40 MP: 8/10
  3605 | D:3      | Noticed a phantom
  3607 | D:3      | Noticed a black bear
  3608 | D:3      | Found a glowing drain.
  3653 | Sewer    | Entered a sewer
  3713 | Sewer    | Learned a level 5 spell: Agony
  3922 | Sewer    | Gained mutation: You are mostly covered in thin metallic
                  | scales. (AC +3) [demonic ancestry]
  3922 | Sewer    | Reached XP level 6. HP: 35/48 MP: 1/11
  4196 | D:3      | HP: 2/48 [phantom (3)]
  4569 | D:3      | Reached skill level 7 in Necromancy
  4861 | D:4      | Found Nenaxzyk's Antique Weapon Emporium.
  4892 | D:4      | Reached XP level 7. HP: 30/56 MP: 11/14
  5213 | D:4      | Noticed Grinder
  5384 | D:4      | Found a staircase to the Ecumenical Temple.
  5397 | Temple   | Entered the Ecumenical Temple
  5501 | Temple   | Became a worshipper of Makhleb the Destroyer
  5560 | D:4      | Reached skill level 5 in Spellcasting
  6310 | D:4      | Paralysed by Grinder for 3 turns
  6316 | D:4      | Paralysed by Grinder for 5 turns
  6331 | D:4      | Killed Grinder
  6332 | D:4      | Reached skill level 8 in Necromancy
  6332 | D:4      | Reached XP level 8. HP: 39/63 MP: 16/16
  6559 | D:5      | Entered Level 5 of the Dungeon
  6912 | D:5      | Noticed Prince Ribbit
  7185 | D:5      | Reached * piety under Makhleb
  7253 | D:5      | Killed Prince Ribbit
  7449 | D:5      | Reached skill level 9 in Necromancy
  7718 | D:5      | You fall into a shaft and drop 2 floors!
  7718 | D:7      | Noticed Joseph
  7750 | D:7      | Killed Joseph
  7751 | D:7      | Gained mutation: You have sharp fingernails. [demonic
                  | ancestry]
  7751 | D:7      | Reached XP level 9. HP: 72/72 MP: 6/19
  8222 | D:6      | Reached skill level 5 in Fighting
  8841 | D:6      | Reached skill level 10 in Necromancy
  9552 | D:6      | Found a runed translucent door.
  9553 | D:6      | Noticed Crazy Yiuf
  9561 | D:6      | Killed Crazy Yiuf
  9774 | D:7      | Reached ** piety under Makhleb
 10276 | D:7      | Gained mutation: You regenerate health from kills. [demonic
                  | ancestry]
 10276 | D:7      | Reached XP level 10. HP: 44/83 MP: 22/22
 10940 | D:8      | Reached skill level 11 in Necromancy
 11676 | D:8      | Noticed Psyche
 11693 | D:8      | Killed Psyche
 11986 | D:8      | Reached *** piety under Makhleb
 12250 | D:8      | Found a staircase to the Lair.
 12673 | D:9      | Reached skill level 1 in Invocations
 12961 | D:9      | Noticed a rust devil
 12963 | D:9      | Noticed a soul eater
 12966 | D:9      | Noticed an orange demon
 13304 | D:9      | Reached skill level 12 in Necromancy
 13333 | D:9      | Noticed Grum
 13348 | D:9      | Killed Grum
 13672 | D:9      | Found a broken altar of Ashenzari.
 13812 | D:9      | Reached skill level 10 in Spellcasting
 13821 | D:9      | Noticed an orange demon
 13824 | D:9      | Reached XP level 11. HP: 89/92 MP: 8/25
 14476 | D:9      | Noticed Gastronok
 14503 | D:9      | Killed Gastronok
 15073 | D:10     | Entered Level 10 of the Dungeon
 15161 | D:10     | Noticed a four-headed hydra
 15237 | D:10     | Slain by a wight

Illustrated notes

Levels and vault maps discovered:
D:1:      saegor_arrival_simple_b, layout_basic,
          dreamdust_ecumenical_altar_angels_and_demons
D:2:      layout_basic, minmay_split_cup_small
D:3:      layout_loops_ring, gup_sewer_entry_glass
D:4:      layout_loops_cross, temple_statues, serial_shops,
          nicolae_shop_temple_entry_statues_fountains, uniq_grinder
D:5:      layout_basic, grunt_ministairs_7, corexii_hall_statues_x,
          serial_bayou_ford_a, uniq_prince_ribbit1
D:6:      layout_basic, uniq_crazy_yiuf_cottage, uniq_maggie
D:7:      layout_rooms, uniq_joseph
D:8:      layout_loops_ring, erik_lair_island, uniq_psyche
D:9:      layout_long_grid, ashenzari_conservatory_becter, hangedman_fish_farm,
          uniq_gastronok, uniq_grum
D:10:     minmay_the_grid_octo_triangle [minmay_the_grid_octo_tetromino_candy,
          minmay_the_grid_octo_prize_single_spiral, minmay_the_grid_octo_77],
          layout_basic, serial_shops, shop, grunt_ogre_cave,
          minmay_misc_feat_encased, doesnt_shop_hydraphobe, uniq_urug
Temple:   dpeg_three_leaves_temple

Skill      XL: |  1  2  3  4  5  6  7  8  9 10 11 |
---------------+----------------------------------+-----
Necromancy     | 5 6 7 8 9 10 12 | 12.7
Spellcasting   | 3 4 5 7 8 10 | 10.5
Fighting       | 1 2 3 4 6 7 |  7.9
Invocations    | 3 4 |  4.8
Short Blades   | |  0.3
Dodging        | |  1.7
Stealth        | |  1.7
Evocations     | |  0.6

Action                   |  1- 3 |  4- 6 |  7- 9 | 10-12 || total
-------------------------+-------+-------+-------+-------++-------
Melee: Unarmed           |     1 |       |       |       ||     1
       Dagger            |    19 |    94 |   233 |   500 ||   846
 Cast: Pain              |    49 |    74 |   162 |   148 ||   433
       Vampiric Draining |       |     9 |    16 |    39 ||    64
       Agony             |       |     1 |     2 |    16 ||    19
Invok: Minor Destruction |       |       |       |     5 ||     5
       Lesser Servant of |       |       |       |     6 ||     6
Evoke: Wand              |       |       |     4 |     4 ||     8
  Use: Scroll            |     4 |     4 |     5 |     5 ||    18
       Potion            |     2 |     4 |     3 |     3 ||    12
 Stab: Sleeping          |       |     1 |     1 |       ||     2
       Betrayed ally     |       |       |       |     1 ||     1
Armor: Robe              |     6 |       |       |       ||     6
       Leather armour    |     2 |    61 |   156 |   342 ||   561
       Skin              |       |       |       |    18 ||    18
Dodge: Dodged            |    24 |   125 |   234 |   421 ||   804

Table legend: (Time is in decaauts)
 A = Elapsed time spent in this place.
 B = Non-inter-level travel time spent in this place.
 C = Inter-level travel time spent in this place.
 D = Time resting spent in this place.
 E = Time spent auto-exploring this place.
 F = Levels seen in this place.
 G = Mean time per level.
                   A        B        C        D        E       F      G
               +--------+--------+--------+--------+--------+-----+--------+
         Total |  15370 |  15084 |    286 |   5295 |   6270 |  12 | 1280.8 |
       Dungeon |  14705 |  14429 |    276 |   5017 |   6028 |  10 | 1470.5 |
        Temple |    116 |    106 |     10 |      0 |     91 |   1 |  116.0 |
         Sewer |    548 |    548 |      0 |    278 |    151 |   1 |  548.0 |
               +--------+--------+--------+--------+--------+-----+--------+

Top non-repeatable levels by time:
     D:8: 2172 daAuts
     D:9: 2126 daAuts
     D:2: 1765 daAuts
     D:1: 1566 daAuts
     D:6: 1505 daAuts
     D:5: 1472 daAuts
     D:7: 1315 daAuts
     D:3: 1314 daAuts
     D:4: 1305 daAuts
   Sewer: 548 daAuts
    D:10: 163 daAuts
  Temple: 116 daAuts
